 Dungeon Crawl Stone Soup version 0.23-a0-607-g760965b753 (webtiles) character file.

2818 Adamkad1 the Covert (level 9, -4/40 HPs)
             Began as a Spriggan Enchanter on Dec 20, 2018.
             Was a Follower of Uskayaw.
             Shot with a sling bullet by Joseph (20 damage)
             ... on level 8 of the Dungeon.
             The game lasted 00:29:02 (10136 turns).

Adamkad1 the Covert (Spriggan Enchanter)           Turns: 10136, Time: 00:29:02

Health: -4/40      AC:  4    Str:  4    XL:     9   Next: 44%
Magic:  15/21      EV: 23    Int: 16    God:    Uskayaw [*.....]
Gold:   418        SH:  0    Dex: 20    Spells: 14/23 levels left

rFire    . . .     SeeInvis +   a - +1 dagger
rCold    + . .     Gourm    .   (shield restricted)
rNeg     . . .     Faith    .   b - +1 robe
rPois    .         Spirit   .   (helmet restricted)
rElec    .         Reflect  .   w - +0 cloak
rCorr    .         Harm     .   (gloves unavailable)
MR       ++...                  (boots unavailable)
Stlth    +++++.....             (no amulet)
HPRegen  0.13/turn              g - ring of protection from magic
MPRegen  0.17/turn              l - ring of protection from cold

@: very quick
A: very small, unfitting armour, see invisible, herbivore, speed 3, slow
metabolism 2
a: Stomp, Renounce Religion


You were on level 8 of the Dungeon.
You worshipped Uskayaw.
Uskayaw was noncommittal.
You were not hungry.

You visited 2 branches of the dungeon, and saw 9 of its levels.

You collected 418 gold pieces.

Inventory:

Hand Weapons
 a - a +1 dagger (weapon)
Armour
 b - a +1 robe (worn)
 w - a +0 cloak (worn)
Jewellery
 g - a ring of protection from magic (left hand)
 l - a ring of protection from cold (right hand)
 u - an uncursed ring of protection from fire {unknown}
Wands
 r - a wand of scattershot (7)
 x - a wand of digging (6)
Scrolls
 c - 2 scrolls of enchant armour
 e - a scroll of fear {unknown}
 h - 5 scrolls of identify
 i - a scroll of blinking
 j - 2 scrolls of teleportation
 o - a scroll of remove curse {unknown}
 p - 2 scrolls of fog
 q - a scroll of summoning {unknown}
Potions
 f - 2 potions of flight {unknown}
 k - 3 potions of curing {unknown}
 m - 3 potions of lignification {unknown}
 n - a potion of ambrosia {unknown}
 s - a potion of magic {unknown}
 t - 2 potions of agility {unknown}
 v - a potion of degeneration {unknown}
 z - a potion of might {unknown}
Comestibles
 d - 9 rations


   Skills:
 + Level 0.7 Fighting
 + Level 2.9 Short Blades
 * Level 6.4 Dodging
 * Level 12.0 Stealth
 * Level 7.5 Spellcasting
 * Level 7.9 Hexes
 + Level 2.5 Ice Magic
 * Level 2.7 Invocations


You had 14 spell levels left.
You knew the following spells:

 Your Spells              Type           Power        Failure   Level  Hunger
a - Corona                Hex            ####...      1%          1    None
b - Ensorcelled Hibernat  Hex/Ice        ###...       1%          2    None
c - Confuse               Hex            ####....     1%          3    ##.....
d - Dazzling Spray        Conj/Hex       ###...       7%          3    ##.....

Your spell library contained the following spells:

 Spells                   Type           Power        Failure   Level  Hunger
 Slow                     Hex            ####....     1%          2    None
 Tukima's Dance           Hex            ####....     1%          3    ##.....
 Magic Dart               Conj           #...         12%         1    None
 Blink                    Tloc           N/A          19%         2    None
 Call Imp                 Summ           #.......     19%         2    None
 Conjure Flame            Conj/Fire      #.......     34%         3    ##.....
 Mephitic Cloud           Conj/Pois/Air  #.......     34%         3    ##.....


Dungeon Overview and Level Annotations

Branches:
Dungeon (8/15)             Temple (1/1) D:6
   Lair: D:8-11

Altars:
Ashenzari
Cheibriados
Dithmenos
Elyvilon
Gozag
Hepliaklqana
Kikubaaqudgha
Makhleb
Nemelex Xobeh
Okawaru
Qazlal
Ru
Sif Muna
Trog
Uskayaw
Vehumet
Xom
Yredelemnul
Zin
The Shining One

Shops:
D:6 [

Annotations:
D:5 1 runed door
D:6 3 runed doors, Zazzi's ghost, novice GrEE
D:8 Joseph


Innate Abilities, Weirdness & Mutations

You are very small and have problems with some larger weapons.
You are too small for most types of armour.
You have supernaturally acute eyesight. (SInv)
You are a herbivore.
You cover ground extremely quickly.
You need to consume almost no food.


Message History

Level annotation: Joseph
There is a stone staircase leading up here.
Joseph shoots a sling bullet.
The sling bullet completely misses you.
Casting: Confuse (safe; 1% risk of failure)
Confirm with . or Enter, or press ? or * to list all spells.
Aiming: Confuse (safe; 1% risk of failure)
Press: ? - help, Shift-Dir - straight line, f - Joseph
Aim: Joseph, wielding a +2 hunting sling of velocity and wearing a +0 leather Joseph resists with some effort.
Joseph smiles happily.
Joseph shoots a sling bullet.
The sling bullet hits you!!
Casting: Confuse (safe; 1% risk of failure)
Confirm with . or Enter, or press ? or * to list all spells.
Aiming: Confuse (safe; 1% risk of failure)
Press: ? - help, Shift-Dir - straight line, f/p - Joseph
Aim: Joseph, wielding a +2 hunting sling of velocity and wearing a +0 leather Joseph resists with some effort.
Joseph shoots a sling bullet.
The sling bullet hits you!!
Ouch! That really hurt!
You die...

#.....##...###..## .....#
##..........#.....## .....#
##..................## #......
##.......#...##..†...##...@...
#........##..#........#.......
.........#...#...#....#....#
.........#.....###...##..#
#........#....##......@..#...
#............<.(@#..††........
....##....##.....#............
..............###.............
.....................#...##.##
..#.)...............###.... #
#...###.............# ....#
#..## #.............. .#..#
#######....###....#..# .....
##.............


You could see Joseph.

Vanquished Creatures
  An orc warrior (D:6)
  2 ice beasts
  3 black bears
  3 ogres
  A phantom (D:5)
  4 centaurs
  A bullfrog (D:8)
  2 scorpions
  5 killer bees (D:7)
  9 wights (D:7)
  A howler monkey (D:5)
  A crimson imp (D:7)
  5 orc priests
  A bullfrog skeleton (D:4)
  2 hounds
  A jelly (D:7)
  6 orc wizards
  2 iguanas
  2 worker ants
  2 hound skeletons
  A gnoll (D:1)
  10 adders
  A shadow imp (D:5)
  2 oozes
  2 worms (D:2)
  2 dart slugs (D:2)
  A leopard gecko (D:7)
  33 orcs
  5 giant cockroaches
  9 goblins
  7 hobgoblins
  9 jackals
  2 quokkas
  6 bats
  3 frilled lizards
  7 kobolds
  2 quokka skeletons
  7 rats
163 creatures vanquished.

Vanquished Creatures (others)
  A killer bee (D:7)
1 creature vanquished.

Grand Total: 164 creatures vanquished

Notes
Turn   | Place    | Note
-------+----------+-------------------------------------------
     0 | D:1      | Adamkad1 the Spriggan Enchanter began the quest for the
                  | Orb.
     0 | D:1      | Reached XP level 1. HP: 9/9 MP: 5/5
    21 | D:1      | Reached XP level 2. HP: 5/13 MP: 4/6
   340 | D:1      | Learned a level 2 spell: Ensorcelled Hibernation
   774 | D:1      | Reached XP level 3. HP: 16/16 MP: 8/8
   904 | D:1      | Reached skill level 5 in Stealth
  1814 | D:2      | Reached XP level 4. HP: 21/21 MP: 0/9
  2587 | D:3      | Learned a level 3 spell: Confuse
  2591 | D:3      | Learned a level 3 spell: Dazzling Spray
  3285 | D:3      | Reached XP level 5. HP: 25/25 MP: 8/11
  3755 | D:3      | Reached skill level 6 in Stealth
  4144 | D:4      | Noticed an ogre
  4154 | D:4      | Killed an ogre
  4154 | D:4      | Reached skill level 7 in Stealth
  4154 | D:4      | Reached skill level 1 in Ice Magic
  4154 | D:4      | Reached XP level 6. HP: 29/29 MP: 9/12
  4249 | D:4      | Reached skill level 8 in Stealth
  4249 | D:4      | Reached skill level 5 in Hexes
  4613 | D:5      | Entered Level 5 of the Dungeon
  4617 | D:5      | Reached XP level 7. HP: 32/32 MP: 9/14
  5032 | D:5      | Found a white marble altar of Elyvilon.
  5466 | D:5      | Became a worshipper of Elyvilon the Healer
  5470 | D:5      | Reached skill level 9 in Stealth
  5569 | D:5      | Found a runed door.
  6408 | D:5      | Reached skill level 5 in Dodging
  6417 | D:5      | Reached skill level 5 in Spellcasting
  6417 | D:5      | Reached XP level 8. HP: 37/37 MP: 7/16
  6693 | D:5      | Reached skill level 10 in Stealth
  6992 | D:6      | Found a staircase to the Ecumenical Temple.
  7007 | Temple   | Entered the Ecumenical Temple
  7087 | Temple   | Fell from the grace of Elyvilon
  7087 | Temple   | Became a worshipper of Uskayaw the Reveler
  7238 | D:6      | Found a bloodstained altar of Trog.
  7268 | D:6      | Reached * piety under Uskayaw
  7344 | D:6      | Found a runed gate.
  7344 | D:6      | Found a runed gate.
  7344 | D:6      | Found a runed gate.
  7416 | D:6      | Reached ** piety under Uskayaw
  7441 | D:6      | Found an iron altar of Okawaru.
  7504 | D:6      | Noticed Zazzi's ghost (novice GrEE)
  7609 | D:6      | Reached skill level 1 in Invocations
  7800 | D:6      | Found Ula Iri's Armour Boutique.
  8377 | D:7      | Reached *** piety under Uskayaw
  8378 | D:7      | Reached XP level 9. HP: 40/40 MP: 17/19
  8378 | D:7      | Reached **** piety under Uskayaw
  8391 | D:7      | Reached skill level 11 in Stealth
  9974 | D:8      | Reached skill level 12 in Stealth
  9978 | D:8      | Noticed Joseph
 10136 | D:8      | Shot with a sling bullet by Joseph

Vault maps used:
D:1:      dpeg_arrival_connections
D:2:      first_ration, kennysheep_generic_room_9
D:5:      basic_altar, uniq_crazy_yiuf_cottage
D:6:      trog_ov_bears_minmay, minmay_temple_entry_ruins, gammafunk_ghost_icy,
          serial_shops, shop, basic_altar
D:8:      serial_shops, shop, uniq_joseph, uniq_pikel
Temple:   minmay_crystal_snake_temple

Skill      XL: |  1  2  3  4  5  6  7  8  9 |
---------------+----------------------------+-----
Hexes          | 4 5 6 7 |  7.9
Spellcasting   | 3 4 5 6 7 |  7.5
Stealth        | 5 7 8 9 10 12 | 12.0
Dodging        | 4 5 6 |  6.4
Short Blades   | 2 |  2.9
Ice Magic      | 1 2 |  2.5
Invocations    | 2 |  2.7
Fighting       | |  0.7

Action                   |  1- 3 |  4- 6 |  7- 9 || total
-------------------------+-------+-------+-------++-------
Melee: Dagger            |   111 |   111 |   198 ||   420
 Cast: Corona            |    11 |     2 |       ||    13
       Ensorcelled Hiber |    15 |    54 |    79 ||   148
       Confuse           |       |     1 |    41 ||    42
       Dazzling Spray    |       |       |     1 ||     1
  Use: Scroll            |       |     3 |     6 ||     9
 Stab: Sleeping          |    18 |    38 |    44 ||   100
       Distracted        |     1 |       |     1 ||     2
       Confused          |       |     1 |    24 ||    25
       Paralysed         |       |       |     1 ||     1
  Eat: Ration            |       |     2 |     5 ||     7
Armor: Robe              |    11 |     5 |    12 ||    28
Dodge: Dodged            |    95 |    75 |   224 ||   394

Table legend:
 A = Non-vault XP
 B = Vault XP
 C = Vault XP percentage of total XP
 D = Non-vault monster count
 E = Vault monster count
 F = Vault count percentage of total count
                 A         B        C        D         E       F
            +---------+---------+-------+---------+---------+-------
      Total |    3774 |     252 |   6.3 |     162 |       2 |   1.2
            +---------+---------+-------+---------+---------+-------
        D:1 |      51 |       0 |   0.0 |      20 |       0 |   0.0
        D:2 |      80 |       0 |   0.0 |      21 |       0 |   0.0
        D:3 |     179 |       0 |   0.0 |      27 |       0 |   0.0
        D:4 |     447 |       0 |   0.0 |      16 |       0 |   0.0
        D:5 |     983 |       0 |   0.0 |      28 |       0 |   0.0
        D:6 |     392 |     252 |  39.1 |      12 |       2 |  14.3
        D:7 |    1475 |       0 |   0.0 |      34 |       0 |   0.0
        D:8 |     167 |       0 |   0.0 |       4 |       0 |   0.0
            +---------+---------+-------+---------+---------+-------
